 Dungeon Crawl Stone Soup version 0.23-a0-398-g8eab93fbe2 (webtiles) character file.

839 bogue1979 the Skirmisher (level 8, 0/52 HPs)
             Began as a Gargoyle Fighter on Nov 3, 2018.
             Was a Follower of Okawaru.
             Slain by an ogre
             ... wielding a +0 giant club
              (20 damage)
             ... on level 4 of the Dungeon.
             The game lasted 00:13:42 (3888 turns).

bogue1979 the Skirmisher (Gargoyle Fighter)         Turns: 3888, Time: 00:13:43

Health: 0/52       AC: 19    Str: 21    XL:     8   Next: 0%
Magic:  10/10      EV:  5    Int: 15    God:    Okawaru [*.....]
Gold:   106        SH:  9    Dex:  9    Spells: 7/7 levels left

rFire    . . .     SeeInvis .   a - +0 flail
rCold    + . .     Gourm    .   c - +0 shield
rNeg     + . .     Faith    .   p - +0 chain mail
rPois    ∞         Spirit   .   k - +0 helmet
rElec    +         Reflect  .   (no cloak)
rCorr    .         Harm     .   u - +2 pair of gloves
MR       .....                  (no boots)
Stlth    ..........             (no amulet)
HPRegen  0.17/turn              w - ring of protection from cold
MPRegen  0.12/turn              (no ring)

@: brilliant
A: negative energy resistance 1, electricity resistance, unbreathing,
petrification resistance, rot immunity, AC +5
a: Heroism, Renounce Religion


You were on level 4 of the Dungeon.
You worshipped Okawaru.
Okawaru was aware of your devotion.
You were not hungry.

You visited 1 branch of the dungeon, and saw 5 of its levels.

You collected 106 gold pieces.

Inventory:

Hand Weapons
 a - a +0 flail (weapon)
 n - a +0 blowgun
Missiles
 j - 159 stones (quivered)
 o - 9 poisoned needles
Armour
 b - a +0 scale mail
 c - a +0 shield (worn)
 k - a +0 helmet (worn)
 p - a +0 chain mail (worn)
 u - a +2 pair of gloves (worn)
Jewellery
 w - a ring of protection from cold (left hand)
Wands
 d - a wand of flame (4)
Scrolls
 h - a scroll of enchant armour {unknown}
 q - a scroll of identify {unknown}
 s - a scroll of remove curse {unknown}
Potions
 e - a potion of cancellation {unknown}
 g - 3 potions of degeneration {unknown}
 i - 2 potions of brilliance
 l - a potion of agility {unknown}
 r - a potion of curing {unknown}
 t - a potion of flight {unknown}
 v - 2 potions of heal wounds {unknown}
Comestibles
 f - 9 rations


   Skills:
 + Level 6.8 Fighting
 * Level 5.9 Maces & Flails
 - Level 3.2 Armour
 - Level 3.2 Shields
 + Level 0.8 Invocations
 - Level 2.9 Evocations


You had 7 spell levels left.
You didn't know any spells.
Your spell library contained the following spells:

 Spells                   Type           Power        Failure   Level  Hunger
 Magic Dart               Conj           #...         67%         1    ##.....
 Blink                    Tloc           N/A          78%         2    ###....
 Call Imp                 Summ           #.......     78%         2    ###....
 Slow                     Hex            #.......     78%         2    ###....
 Conjure Flame            Conj/Fire      #.......     93%         3    ####...
 Mephitic Cloud           Conj/Pois/Air  #.......     93%         3    ####...


Dungeon Overview and Level Annotations

Branches:
Dungeon (5/15)
 Temple: D:4-7

Altars:
Fedhas
Okawaru
Trog
Xom

Annotations:
D:4 1 runed door


Innate Abilities, Weirdness & Mutations

You are resistant to torment.
Your stone body is resilient. (AC +5)
You are immune to poison.
You resist negative energy. (rN+)
You are resistant to electric shocks. (rElec)
You can survive without breathing.
You are immune to petrification.
You are immune to rotting.


Message History

You are too injured to fight recklessly!
You are too injured to fight recklessly!
You are too injured to fight recklessly!
You are too injured to fight recklessly!
You closely miss the ogre. The ogre hits you with a +0 giant club!
* * * LOW HITPOINT WARNING * * *
You block the crimson imp's attack.
You barely miss the ogre. The ogre barely misses you.
The crimson imp blinks!
You hit the ogre but do no damage. The crimson imp hits you.
* * * LOW HITPOINT WARNING * * *
The ogre hits you but does no damage. You block the ogre's attack.
The crimson imp summons a swarm of flies.
The crimson imp blinks!
The ogre hits you but does no damage.
There is a stone staircase leading down here.
It was a potion of brilliance.
You feel clever all of a sudden.
The ogre hits you with a +0 giant club!!
You die...

.####.# #.....########### #.###.
.# ##.###.###.### #.##.. .#
#......# #...# #.#... .#
#..###.###.#.# #.##.. .# #..#
#...<.#.# #.##..
.###..#####.###.# #.##.#
.[..........# #.# #.....
.###..##.#..# #.###############..
............# #.@O..>............
.###..##.#.####..################
.# #.............#
.###>###.........#
......####.####### .###.## #.# .#
#.# #.# ## #.# #.# ##### #.#
##.## ##...#


You could see an ogre.

Vanquished Creatures
  Grinder (D:4)
  Sigmund (D:2)
  A scorpion (D:3)
  3 orc priests (D:4)
  A bullfrog skeleton (D:4)
  A hound (D:4)
  3 orc wizards
  Ijyb (D:4)
  A worker ant (D:4)
  Robin (D:1)
  3 adders
  2 worms (D:2)
  3 dart slugs
  A leopard gecko (D:3)
  12 orcs
  3 giant cockroaches
  15 goblins
  10 hobgoblins
  4 jackals (D:3)
  8 kobolds
  5 quokkas
  7 bats
  7 frilled lizards
  3 rats (D:1)
97 creatures vanquished.

Notes
Turn   | Place    | Note
-------+----------+-------------------------------------------
     0 | D:1      | bogue1979 the Gargoyle Fighter began the quest for the Orb.
     0 | D:1      | Reached XP level 1. HP: 14/14 MP: 1/1
   114 | D:1      | Reached XP level 2. HP: 18/19 MP: 2/2
   846 | D:2      | Noticed Sigmund
   857 | D:1      | Reached skill level 4 in Fighting
   857 | D:1      | Reached XP level 3. HP: 18/24 MP: 3/3
  1190 | D:3      | Found a bloodstained altar of Trog.
  1313 | D:3      | Reached XP level 4. HP: 21/30 MP: 4/4
  1660 | D:3      | Found a shimmering altar of Xom.
  1676 | D:3      | Reached XP level 5. HP: 33/34 MP: 5/5
  1837 | D:3      | Reached skill level 5 in Fighting
  2151 | D:4      | Noticed Ijyb
  2175 | D:4      | Killed Ijyb
  2175 | D:4      | Reached XP level 6. HP: 23/40 MP: 6/6
  2288 | D:4      | Noticed Grinder
  2408 | D:2      | Killed Sigmund
  2408 | D:2      | Reached skill level 1 in Evocations
  2567 | D:2      | Reached skill level 6 in Fighting
  2607 | D:2      | Found a blossoming altar of Fedhas.
  2735 | D:2      | Noticed Robin
  2781 | D:1      | Killed Robin
  2781 | D:1      | Reached skill level 5 in Maces & Flails
  3070 | D:4      | Found an iron altar of Okawaru.
  3085 | D:4      | Became a worshipper of Warmaster Okawaru
  3114 | D:4      | Reached XP level 7. HP: 39/46 MP: 8/8
  3384 | D:4      | Killed Grinder
  3384 | D:4      | Reached * piety under Okawaru
  3419 | D:4      | Found a runed door.
  3642 | D:4      | Reached XP level 8. HP: 52/52 MP: 10/10
  3850 | D:5      | Entered Level 5 of the Dungeon
  3888 | D:4      | Slain by an ogre

Vault maps used:
D:1:      mrwooster_arrival_statue_3
D:2:      fedhas_altar_fruit_tree, uniq_robin, uniq_sigmund
D:3:      overflow_temple_1_default, first_ration, trog_three_pillars_becter
D:4:      lemuel_doored_altar, uniq_crazy_yiuf_cottage, uniq_grinder, uniq_ijyb
D:5:      kennysheep_slug_shrine, kiku_gazebo_garden_becter,
          minmay_temple_entry_grid, grunt_ministairs_8, uniq_blork_the_orc

Skill      XL: |  1  2  3  4  5  6  7 |
---------------+----------------------+-----
Fighting       | 4 5 6 |  6.8
Maces & Flails | 3 4 5 |  5.9
Evocations     | 1 2 |  2.9
Armour         | |  3.2
Shields        | |  3.2
Invocations    | |  0.8

Action                   |  1- 3 |  4- 6 |  7- 9 || total
-------------------------+-------+-------+-------++-------
Melee: Flail             |   131 |   230 |    67 ||   428
Evoke: Wand              |       |       |     4 ||     4
  Use: Potion            |       |     1 |     1 ||     2
  Eat: Chunk             |     1 |     7 |     2 ||    10
Armor: Scale mail        |    91 |    62 |       ||   153
       Chain mail        |       |    78 |    45 ||   123
Dodge: Dodged            |    47 |    59 |    16 ||   122
Block: Shield            |    93 |   125 |    24 ||   242

Table legend:
 A = Non-vault XP
 B = Vault XP
 C = Vault XP percentage of total XP
 D = Non-vault monster count
 E = Vault monster count
 F = Vault count percentage of total count
                 A         B        C        D         E       F
            +---------+---------+-------+---------+---------+-------
      Total |     621 |     578 |  48.2 |      82 |      15 |  15.5
            +---------+---------+-------+---------+---------+-------
        D:1 |      40 |      24 |  37.5 |      18 |       5 |  21.7
        D:2 |      24 |     237 |  90.8 |      10 |       8 |  44.4
        D:3 |     197 |       0 |   0.0 |      37 |       0 |   0.0
        D:4 |     360 |     317 |  46.8 |      17 |       2 |  10.5
            +---------+---------+-------+---------+---------+-------
